Cogmind - Beta 17 @@@ ROGUE MODE // 2026.07.16 @ 20:04:48 Player: Blaf Result: Destroyed by Autobeam Turret with Autobeam Performance ------------- Evolutions (0) 0 Regions Visited (2) 400 Robots Destroyed (22) 110 Value Destroyed (685) 685 Prototype IDs (1) 20 Alien Tech Used (0) 0 Bonus (5700) 5700 TOTAL SCORE: 6915 Bonus ------- Prayed to X0-1V1 5000 Major X0-1V1 Interference 700 Cogmind --------- Core Integrity 0/200 Matter 113/1000 Energy 1499/1500 System Corruption 0% Temperature Cool (6) Movement Rolling (90) Location -10/Subcaves Parts ------- > --- POWER (2) -------- Subdweller Power Source > --- PROPULSION (3) --- Armored Wheel Armored Wheel > --- UTILITY (1) ------ X0-1V1's Piety Tracker > --- WEAPON (1) ------- Light Assault Rifle > --- INVENTORY (5) ---- Subdweller Power Source Small Storage Unit Light Assault Rifle Peak State ------------ > --- POWER ------------ Ion Engine > --- PROPULSION ------- Compact Wheel Compact Wheel Subdweller Monowheel > --- UTILITY ---------- Subdweller Optics X0-1V1's Piety Tracker > --- WEAPON ----------- Subdweller Machine Gun > --- INVENTORY -------- Subdweller Power Source Subdweller Monowheel Small Storage Unit Grenade Launcher [Rating: 22] Favorites ----------- Power Ion Engine Engine Ion Engine Propulsion Compact Wheel Wheel Compact Wheel Utility X0-1V1's Piety Tracker Device X0-1V1's Piety Tracker Storage Small Storage Unit Weapon Light Assault Rifle Ballistic Gun Light Assault Rifle Launcher Grenade Launcher Build | -11 -10 -10 ------- Run | Yrd Mat Sub Slots Evolved . | . . . Power . | . . . Propulsion . | . . . Utility . | . . . Weapon . | . . . Parts Attached 25 | 6 2 17 Power 4 | 1 . 3 Engine 4 | 1 . 3 Core . | . . . Reactor . | . . . Propulsion 9 | 2 . 7 Treads . | . . . Leg . | . . . Wheel 9 | 2 . 7 Hover . | . . . Flight . | . . . Utility 5 | 1 2 2 Device 4 | . 2 2 Storage 1 | 1 . . Processor . | . . . Hackware . | . . . Protection . | . . . Artifact . | . . . Weapon 7 | 2 . 5 Energy Gun . | . . . Energy Cannon . | . . . Ballistic Gun 6 | 2 . 4 Ballistic Cannon . | . . . Launcher 1 | . . 1 Special Weapon . | . . . Impact Weapon . | . . . Slashing Weapon . | . . . Piercing Weapon . | . . . Special Melee Weapon . | . . . Unidentified Prototypes 1 | . 1 . Parts Lost 9 | . . 9 Power 2 | . . 2 Propulsion 3 | . . 3 Utility 3 | . . 3 Weapon 1 | . . 1 Highest Loss Streak 2 | . . 2 To Critical Strikes . | . . . Average Backups 3 | 1 2 3 Power . | . 1 . Propulsion 1 | . 1 1 Utility . | . . 1 Weapon . | . . . Tool/Special . | . . . Unused Backups 1 | . . 1 Power 1 | . . 1 Propulsion . | . . . Utility . | . . . Weapon . | . . . Tool/Special . | . . . Average Slot Usage (%) 88 | . 90 87 Engine 13 | . 14 13 Wheel 35 | . 28 38 Device 14 | . 5 17 Storage 4 | . 14 . Ballistic Gun 13 | . 28 7 Launcher 6 | . . 8 Peak Build Rating 22 | 6 19 22 Average Rating 14 | 4 6 19 On Entrance 8 | . 6 19 Avg Prop Armor Cover (%) 5 | . . 5 Naked Turns . | . . . Heaviest Build 15 | 13 15 12 Greatest Support 52 | 20 20 52 Greatest Overweight (x) . | . . . Average Overweight (x) . | . . . Largest Inventory Capacity 8 | 8 8 5 Average Capacity 5 | 6 7 5 Most Carried 5 | 3 5 5 Average Carried 3 | 1 2 3 Final Capacity 8 | 8 5 5 Final Carried 5 | 1 5 3 Class Distribution -------------------- 91% | Mutant 8% | Scavenger-Mutant Dominant Class ---------------- Mutant | -10/Materials Mutant | -10/Subcaves Resources | -11 -10 -10 ----------- Run | Yrd Mat Sub Matter Collected 900 | 216 171 513 Remotely . | . . . Salvage Created 617 | . 256 361 Parts 51 | . 19 32 Haulers Intercepted . | . . . Recyclers Shooed 1 | . 1 . Parts Field Recycled . | . . . Retrieved Matter . | . . . Parts Self-Destructed 9 | . . 9 Prevented . | . . . Parts Restored . | . . . Kills | -11 -10 -10 ------- Run | Yrd Mat Sub Combat Hostiles Destroyed 19 | . 4 15 Melee 1 | . . 1 Guns 10 | . 4 6 AOE 7 | . . 7 Classes Destroyed 8 | . 4 4 Recycler 1 | . 1 . Operator 1 | . 1 . Watcher 1 | . 1 . Swarmer 4 | . . 4 Grunt 4 | . 4 . Sentry 1 | . . 1 Artisan 2 | . . 2 Subdweller 10 | . . 10 Best Kill Streak 4 | . 3 4 Combat Bots Only 4 | . 2 4 Max Kills in Single Turn 2 | . 2 2 Gunslinging 1 | . 1 . Exploded 2 | . . 2 Melee 1 | . . 1 Uniques/NPCs Destroyed . | . . . Combat | -11 -10 -10 -------- Run | Yrd Mat Sub Hostile Shots Fired 125 | . 20 105 Missed 38 | . 5 33 Hits 87 | . 15 72 Projectile 87 | . 15 72 AOE 3 | . . 3 Damage Taken 1188 | . 204 984 Core 358 | . 47 311 Absorbed by Shields . | . . . Core Remaining (%) 100 | 100 . . Volleys Fired 94 | . 27 67 Largest 2 | . 2 2 Hottest 40 | . 40 40 Shots Fired 124 | . 54 70 Gun 91 | . 54 37 Cannon . | . . . Launcher 33 | . . 33 Special . | . . . Kinetic 91 | . 54 37 Thermal . | . . . Explosive 33 | . . 33 Electromagnetic . | . . . Robot Hit Streak 10 | . 7 10 Robot Miss Streak 5 | . 5 2 Penetration Max . | . . . Secondary Targets 2 | . 2 . Max Gunslinging Chain 1 | . 1 . Shots Hit Robots 65 | . 33 32 Core Hits 42 | . 13 29 Critical Kills 1 | . 1 . Critical Parts Destroyed 1 | . . 1 Critical Strikes 3 | . 1 2 Destroy 3 | . 1 2 Melee Attacks . | . . . Impact . | . . . Slashing . | . . . Piercing . | . . . Sneak Attacks . | . . . Combat Hostiles . | . . . Follow-up Attacks . | . . . Damage Inflicted 1687 | . 338 1349 Guns 750 | . 338 412 Cannons . | . . . Explosions 932 | . . 932 Melee . | . . . Ramming 5 | . . 5 Kinetic 750 | . 338 412 Thermal . | . . . Explosive 932 | . . 932 Electromagnetic . | . . . Impact . | . . . Slashing . | . . . Piercing . | . . . Highest Corruption 5 | . 1 5 Average Corruption 1 | . 1 2 Corruption Purged . | . . . Corruption Blocked . | . . . Effects 12 | . 2 10 Message Errors 3 | . . 3 Matter Fused 2 | . 1 1 Heat Flow Errors 2 | . . 2 Data Loss (minor) 3 | . 1 2 Data Loss (major) 2 | . . 2 Overload Shots . | . . . Overflow Damage . | . . . Projectiles . | . . . Explosions . | . . . Melee . | . . . Knockbacks . | . . . Impact . | . . . Kinetic . | . . . Secondary . | . . . Self-Inflicted Damage 22 | . . 22 Shots 1 | . . 1 Rammed 2 | . . 2 Targets Rammed 2 | . . 2 Kicked . | . . . Crushed . | . . . Highest Temperature 231 | . 19 231 Average Temperature 46 | . 10 114 Received Heat Transfer 288 | . 120 168 Siege Activations . | . . . Martial Activations . | . . . Shielding Activations . | . . . Robots Disrupted . | . . . Combat Hostiles . | . . . Robots Corrupted . | . . . Combat Hostiles . | . . . Parts Fried . | . . . Impact Corruptions . | . . . Robots Melted . | . . . Combat Hostiles . | . . . Parts Melted . | . . . Heat Transferred . | . . . Parts Sabotaged . | . . . Parts Stolen . | . . . Parts Stripped . | . . . Power Chain Reactions . | . . . Alert | -11 -10 -10 ------- Run | Yrd Mat Sub Maximum Alert Level . | . . . Low Security (%) 100 | 100 100 . Level 1 . | . . . Level 2 . | . . . Level 3 . | . . . Level 4 . | . . . Level 5 . | . . . High Security . | . . . Max Security . | . . . Peak Influence 50 | . 50 . Initial . | . . . Average 8 | . 9 . Influence Increases 322 | . 147 175 Destroy 0b10 Robot/C 180 | . 80 100 Destroy 0b10 Robot/NC 15 | . 15 . Destroy Leader 22 | . 22 . Partial Spotted 15 | . 15 . Lose Combat Pursuer 90 | . 15 75 Influence Decreases 185 | . 121 64 Entered New Map 14 | . . 14 Time Decay 161 | . 121 40 Lost Part 10 | . . 10 Squads Dispatched 1 | . 1 . Investigation 1 | . 1 . Extermination . | . . . Reinforcement . | . . . Assault . | . . . Garrison . | . . . Intercept . | . . . Searches Triggered . | . . . Construction Impeded . | . . . Haulers Reinforced . | . . . Active Scanning Responses . | . . . Cargo Convoy Interrupts . | . . . Stealth | -11 -10 -10 --------- Run | Yrd Mat Sub Distress Signals 2 | . 2 . Communications Jammed . | . . . Distress Signals . | . . . Times Spotted 43 | . 15 28 Peak Tracking Total 6 | . 4 6 Tactical Retreats 6 | . 2 4 ECM-based Alert Blocks 2 | . 2 . Traps | -11 -10 -10 ------- Run | Yrd Mat Sub Traps Triggered 2 | . 2 . Indirectly . | . . . Trap Hack Attempts . | . . . Triggered . | . . . Disarmed . | . . . Reprogrammed . | . . . Reused . | . . . Traps Extracted . | . . . Installed . | . . . Triggered . | . . . Machines | -11 -10 -10 ---------- Run | Yrd Mat Sub Machines Disabled . | . . . Max in Single Turn . | . . . Machines Repaired . | . . . Machines Dismantled . | . . . Machines Sabotaged . | . . . Overloaded Fab Kills . | . . . Hacking | -11 -10 -10 --------- Run | Yrd Mat Sub Machines Accessed . | . . . Terminals . | . . . Fabricators . | . . . Repair Stations . | . . . Recycling Units . | . . . Scanalyzers . | . . . Garrison Access . | . . . Total Hacks . | . . . Successful . | . . . Failed . | . . . Catastrophic . | . . . Database Lockouts . | . . . Manual 16 | . 16 . Terminals . | . . . Fabricators . | . . . Repair Stations . | . . . Recycling Units . | . . . Scanalyzers . | . . . Garrison Access . | . . . Terminal Hacks . | . . . Fabricator Hacks . | . . . Repair Station Hacks . | . . . Recycling Unit Hacks . | . . . Scanalyzer . | . . . Garrison Access Hacks . | . . . Unauthorized Hacks . | . . . Terminals . | . . . Fabricators . | . . . Repair Stations . | . . . Recycling Units . | . . . Scanalyzers . | . . . Garrison Access . | . . . Data Cores Recovered 1 | . 1 . Used . | . . . Hacking Detections . | . . . Full Trace Events . | . . . Feedback Events . | . . . Feedback Blocked . | . . . Robot Schematics Acquired . | . . . Robots Built . | . . . Authchips . | . . . Time . | . . . Total Robot Build Rating . | . . . Part Schematics Acquired . | . . . Parts Built . | . . . Authchips . | . . . Time . | . . . Total Part Build Rating . | . . . Part Studies Acquired . | . . . Parts Repaired . | . . . Time . | . . . Parts Recycled . | . . . Recycled Matter . | . . . Retrieved Matter . | . . . Retrieved Components . | . . . Parts Scanalyzed . | . . . Part Schematics Acquired . | . . . Parts Damaged . | . . . Bothacking | -11 -10 -10 ------------ Run | Yrd Mat Sub Used RIF Installer . | . . . Robots Hacked . | . . . Non-combat . | . . . Combat . | . . . Robot Hacks Applied . | . . . Relay Couplers Released . | . . . Fabnet Peak Effective % . | . . . Robots Rewired . | . . . Allies Hacked . | . . . Hacks Repelled . | . . . Allies | -11 -10 -10 -------- Run | Yrd Mat Sub Total Allies . | . . . Largest Group . | . . . Highest-Rated Group . | . . . Highest-Rated Ally . | . . . Total Orders . | . . . Ally Attacks . | . . . Total Damage . | . . . Kills . | . . . Allies Corrupted . | . . . Allies Melted . | . . . X0-1V1 Amusement Gains 37 | . 7 30 Good Acts 9 | . . 9 Bad Acts 7 | . . 7 Intel | -11 -10 -10 ------- Run | Yrd Mat Sub Active Infowar (turns) 635 | . 221 414 Optics 55 | . . 55 ECM 580 | . 221 359 Robot Analysis Total . | . . . Derelict Logs Recovered 1 | . . 1 Drone Launches . | . . . Drone Recoveries . | . . . Exploration | -11 -10 -10 ------------- Run | Yrd Mat Sub Turns Passed 1959 | 62 565 1332 Spaces Moved 1847 | 65 584 1198 Core 3 | 3 . . Treads . | . . . Legs . | . . . Wheels 1844 | 62 584 1198 Hover . | . . . Flight . | . . . Fastest Speed 50 | 50 80 80 Average Speed 91 | 78 80 97 Slowest Speed 105 | 80 80 105 Overloaded Moves . | . . . Propulsion Burnouts . | . . . Robots Hopped . | . . . Potential Cave-ins 1 | . . 1 Cave-ins Triggered 1 | . . 1 Exploration Rate (%) 35 | 3 48 55 Regions Visited 2 Branch Regions 1 Pre-discovered Areas 1 | . . 1 Known Exits Taken . | . . . Unknown Exits Taken 2 | 1 1 . Scrap Searched 7 | . . 7 Spaces Dug . | . . . Terrain Destroyed 156 | . . 156 Melee . | . . . Projectile . | . . . AOE 156 | . . 156 Terrain Rammed . | . . . Walls Destroyed . | . . . Machines Disabled . | . . . Actions | -11 -10 -10 --------- Run | Yrd Mat Sub Total 2003 | 73 632 1298 Wait 18 | . 16 2 Move 1845 | 64 583 1198 Hop . | . . . Pick Up 10 | 3 3 4 Fast Attach 10 | 4 2 4 Attach 8 | 2 . 6 Detach 1 | . 1 . Swap 8 | . . 8 Drop 7 | . . 7 Fire 94 | . 27 67 Melee . | . . . Ram 2 | . . 2 Kick . | . . . Crush . | . . . Escape Stasis . | . . . Rewire . | . . . Trap . | . . . Miscellaneous . | . . . Route ------- -11/Scrapyard -10/Materials (discovered 2 exits: [*Mat] / [*Sub]) -10/Subcaves (discovered 2 exits: *Mat / *Rec) History --------- Turn | Location | Event 10 | -11/Scrapyard | Discovered new exit (range 16) 63 | -11/Scrapyard | Entered Materials 311 | -10/Materials | Build established: Mutant 551 | -10/Materials | Discovered new exit (range 4) 592 | -10/Materials | Discovered new exit (range 10) 615 | -10/Materials | Prayed at D.C.S.S. Altar Unit 628 | -10/Materials | Entered Subcaves 629 | -10/Subcaves | Approached by a straggling Scientist 768 | -10/Subcaves | Ranged accuracy permanently improved by X0-1V1 (+5%; -50 max core) 860 | -10/Subcaves | Learned location of Zion (-6) 865 | -10/Subcaves | X0-1V1 mutated your Weapon slot to Propulsion slot 977 | -10/Subcaves | X0-1V1 activates XOMVISION 1041 | -10/Subcaves | Crushed by falling debris 1327 | -10/Subcaves | Identified exit to Materials 1327 | -10/Subcaves | X0-1V1 revealed exit location to -8/Materials 1414 | -10/Subcaves | Disturbed a concealed Subdweller 1417 | -10/Subcaves | Core integrity fell below 50% 1577 | -10/Subcaves | Ambushed by angry Subdweller bent on revenge 1707 | -10/Subcaves | X0-1V1 mutated your Utility slot to Power slot 1716 | -10/Subcaves | Ambushed by angry Subdweller bent on revenge 1720 | -10/Subcaves | Core integrity fell below 20% 1829 | -10/Subcaves | Identified exit to Recycling 1829 | -10/Subcaves | X0-1V1 revealed exit location to -8/Recycling 1896 | -10/Subcaves | X0-1V1 sent you into danger 1898 | -10/Subcaves | X0-1V1 rescued you from certain death 1960 | -10/Subcaves | Destroyed by Autobeam Turret with Autobeam Last Messages --------------- The surroundings shift and blur. 01930_ Slammed into S-10 Pest. 01931_ S-10 Pest destroyed. 01932_ Acquired 20 matter. 01933_ Acquired Lgt. Assault Rifle. 01933_ Com. Wheel destroyed. 01938_ Flight Unit fries itself beyond repair. 01942_ S-10 Pest destroyed. 01944_ Lgt. Ion Engine fries itself beyond repair. 01949_ S-10 Pest suffers critical hit (Destroy). 01949_ Destroyed Lgt. Assault Rifle. 01950_ Flight Unit fries itself beyond repair. 01951_ Lgt. Assault Rifle fries itself beyond repair. 01951_ S-10 Pest destroyed. 01958_ Flight Unit fries itself beyond repair. 01960_ X0-1V1 laughs nastily! Map ----- +----------------------------------------------------+ | ?????????????????????????????????????????????????? | | ?????????????????????????????????????????????????? | | ?????????????????????????????????????????????????? | | ?????????????????????????????????????????????????? | | ?????????????????????????????????????????????????? | | ?????????????????????????????????????????????????? | | ?????????????????????????????????????????????????? | | ?????????????????????????????????????????????????? | | ?????????????????????????????????????????????????? | | ???????????????????????###???????????????????????? | | ???????????????????#####>#####???????????????????? | | ###????????????????#"""" """"#???????????????????? | | #????????????????#" " " "#???????????????????? | | ##??###??????????#" t t "#???????????????????? | | #### ###????????# = #???????????????????? | | ""# ##????????# #???????????????????? | | # # ##???????#" "#???????????????????? | | ### ##??????#### #####??????????????????? | | ??# #?????????# ### ##?????????????????? | | ?## # ##?????????# #?????????????????? | | ?# ##??????????# #??????????????????? | | ?## #???????????# #??????????????????? | | ??# ########?????### #???????????????????? | | ??## # # #???????# ##???????????????????? | | ???# #????#### #????????????????????? | | ???# #???## @ ##???????????????????? | | ???# # # ##???# % #???????????????????? | | ???## ### #???## % ##???????????????????? | | ????# < #?# ##????## #????????????????????? | | ????# #### #??#### #????????????????????? | | ????# #?# #?## ##???????????????????? | | ????#### #?# ### ## #??????????????? | | ??###?# #?# #??????????????? | | ?## ## ?## ### #????????????? | | ?# #?## ##?# ##????????????? | | ## ##??# ### #?????????????? | | # ###?# ## #?????????????? | | ?? #?# ## #? #?????????????? | | ????# ### ### #?????????????? | | ??????# ## ### ? ??????????????? | | ???#### #?# ##????????????????? | | ??## ##??###?????????????????? | | ?## ## ######???????????????????????? | | ?# #####????????????????????????????? | | ?# ##???????????????????????????????? | | ?# ##??????????????????????????????? | | ## #??????????????????????????????? | | ## #??????????????????????????????? | | ### ##??????????????????????????????? | | #?# ####????????????????????????????? | +----------------------------------------------------+ Best States ------------- Heat Dissipation 25 Energy Generation 15 Energy Capacity 1550 Matter Stores 300 Matter Capacity 1000 Sight Range 21 Terrain Scan Density 10 ECM Strength 1 Evasion (%) 44 Item Schematics ----------------- None Robot Schematics ------------------ None Fabricated ------------ Nothing Repaired ---------- Nothing Studied --------- None Alien Tech Used ----------------- None Achievements -------------- Art Critic Chaos Is Inevitable Challenges ------------ None Game ------ Seed LaunchLaserStripper Manual? 0 Play Time 00:27:40 Cumulative 18.6 hours Start 2026.07.16 @ 19:39:38 End 2026.07.16 @ 20:04:48 Sessions 1 Manual Loads 0 Difficulty Rogue Special Mode None Game No. 34 Rogue 34 Adventurer 0 Explorer 0 Win Type - Total 0 Types 0/0/0/0/0/0/0/0/0/0 Lore% 7 Gallery% 15 Achievement% 13 Wizard Run 0 Options --------- Layout 1 ASCII 0 Keyboard 0 Movement Arrows Keybinds 0 Fullscreen 1 Font 24/Smallcaps Map View 50x35 Zoom Use 0% Tactical HUD 1 Map Filters NONE Filters NONE Steam 1 RUN: 0dba8566-ea28-4f55-9305-43a2bfd0d3ea